[ AOE2 MATCH · #506518900 ]
UnrankedKhmer vs Gurjaras
Player's team · LOSS
Rival team · WIN
[ REPLAY ANALYSIS · EXTRACTED FROM THE RECORDED GAME ]
Feudal
10:57
Castle
14:02
Imperial
—
| APM avg | 62.4 |
| APM peak | 107 |
| eAPM avg | 26.1 |
| Villagers / military | 61 / 29 |
Focus
⚔️ 32.9% · 🌾 67.1%
Knight ×25 · Monk ×4
Feudal
8:51
Castle
—
Imperial
—
| APM avg | 88.5 |
| APM peak | 146 |
| eAPM avg | 42.0 |
| Villagers / military | 64 / 51 |
Focus
⚔️ 71.0% · 🌾 29.0%
Spearman ×43 · Scout Cavalry ×4 · Camel Scout ×3 · Militia ×1
Match map
Initial resources + every placement click. Lines = walls · curves = elevation contours. ◆ gold · ⬟ stone · ● berries · ✦ relic · ◌ wall gap
Your base· Open — unwalled flank
nW | Sgt.Pepper's base· Open — unwalled flank
Smoothed initial terrain · ◌ = detected wall gap · hover for details
Inputs per minute
— eduv - - nW | Sgt.Pepper
Build order — eduv
135 actions detected in the replay
| 0:02 | Queue | Villager (Male) |
| 0:02 | Queue | Villager (Male) |
| 0:04 | Build | House |
| 0:05 | Build | House |
| 0:10 | Queue | Villager (Male) |
| 0:10 | Queue | Villager (Male) |
| 0:10 | Queue | Villager (Male) |
| 1:34 | Queue | Villager (Male) |
| 1:34 | Queue | Villager (Male) |
| 1:55 | Build | Lumber Camp |
| 2:03 | Queue | Villager (Male) |
| 2:03 | Queue | Villager (Male) |
| 2:19 | Queue | Villager (Male) |
| 2:19 | Queue | Villager (Male) |
| 2:49 | Queue | Villager (Male) |
| 2:49 | Queue | Villager (Male) |
| 3:06 | Queue | Villager (Male) |
| 3:06 | Queue | Villager (Male) |
| 3:21 | Build | House |
| 3:36 | Queue | Villager (Male) |
| 3:36 | Queue | Villager (Male) |
| 3:36 | Queue | Villager (Male) |
| 3:44 | Queue | Villager (Male) |
| 3:44 | Queue | Villager (Male) |
| 3:44 | Queue | Villager (Male) |
| 4:35 | Queue | Villager (Male) |
| 4:35 | Queue | Villager (Male) |
| 4:36 | Queue | Villager (Male) |
| 4:47 | Queue | Villager (Male) |
| 4:47 | Queue | Villager (Male) |
| 5:14 | Queue | Villager (Male) |
| 5:15 | Queue | Villager (Male) |
| 5:15 | Queue | Villager (Male) |
| 5:17 | Build | Mill |
| 5:28 | Build | House |
| 5:31 | Queue | Villager (Male) |
| 5:31 | Queue | Villager (Male) |
| 5:32 | Queue | Villager (Male) |
| 5:53 | Queue | Villager (Male) |
| 5:53 | Queue | Villager (Male) |
| 5:53 | Queue | Villager (Male) |
| 5:53 | Queue | Villager (Male) |
| 6:08 | Build | House |
| 6:19 | Queue | Villager (Male) |
| 6:19 | Queue | Villager (Male) |
| 6:47 | Queue | Villager (Male) |
| 6:47 | Queue | Villager (Male) |
| 6:47 | Queue | Villager (Male) |
| 6:48 | Queue | Villager (Male) |
| 7:07 | Queue | Villager (Male) |
| 7:07 | Queue | Villager (Male) |
| 7:07 | Queue | Villager (Male) |
| 8:00 | Build | Mining Camp |
| 8:43 | Research | Feudal Age |
| 9:04 | Build | Palisade Wall |
| 9:20 | Build | House |
| 9:34 | Build | Farm |
| 9:40 | Build | Farm |
| 9:58 | Build | Palisade Wall |
| 10:12 | Build | Palisade Wall |
| 10:14 | Build | Palisade Wall |
| 10:30 | Build | Palisade Wall |
| 10:38 | Research | Loom |
| 10:41 | Build | Palisade Wall |
| 10:44 | Build | House |
| 10:50 | Build | Palisade Gate |
| 10:57 | Age | Feudal Age |
| 11:17 | Research | Castle Age |
| 11:17 | Research | Castle Age |
| 11:17 | Research | Castle Age |
| 12:33 | Build | Farm |
| 12:39 | Build | Stable |
| 12:52 | Build | Stable |
| 13:28 | Queue | Villager (Male) |
| 13:43 | Build | Farm |
| 13:44 | Build | Farm |
| 13:53 | Build | Farm |
| 13:59 | Build | Farm |
| 14:02 | Age | Castle Age |
| 14:04 | Queue | Knight |
| 14:04 | Queue | Knight |
| 14:18 | Build | Farm |
| 14:20 | Queue | Villager (Male) |
| 14:27 | Queue | Knight |
| 14:27 | Queue | Knight |
| 15:03 | Queue | Knight |
| 15:03 | Queue | Knight |
| 15:03 | Queue | Knight |
| 15:14 | Build | Lumber Camp |
| 15:14 | Queue | Villager (Male) |
| 15:15 | Queue | Villager (Male) |
| 15:27 | Build | Farm |
| 15:38 | Queue | Knight |
| 15:38 | Queue | Knight |
| 16:32 | Queue | Knight |
| 16:33 | Queue | Knight |
| 16:33 | Queue | Knight |
| 16:46 | Queue | Knight |
| 16:46 | Queue | Knight |
| 17:25 | Queue | Villager (Male) |
| 17:42 | Queue | Knight |
| 17:43 | Queue | Knight |
| 17:59 | Queue | Knight |
| 18:00 | Queue | Knight |
| 18:33 | Build | Mining Camp |
| 18:41 | Build | Market |
| 19:53 | Queue | Knight |
| 19:53 | Queue | Knight |
| 19:53 | Queue | Knight |
| 19:53 | Queue | Knight |
| 20:09 | Build | Monastery |
| 20:17 | Build | House |
| 20:24 | Queue | Villager (Male) |
| 20:40 | Queue | Villager (Male) |
| 20:55 | Queue | Monk |
| 20:55 | Queue | Monk |
| 20:55 | Queue | Monk |
| 21:26 | Queue | Villager (Male) |
| 22:07 | Queue | Villager (Male) |
| 22:08 | Queue | Villager (Male) |
| 22:21 | Queue | Villager (Male) |
| 22:25 | Build | Lumber Camp |
| 22:42 | Build | Farm |
| 22:42 | Build | Farm |
| 22:46 | Queue | Knight |
| 22:46 | Queue | Knight |
| 23:14 | Queue | Knight |
| 23:45 | Queue | Villager (Male) |
| 23:45 | Queue | Villager (Male) |
| 23:58 | Queue | Monk |
| 25:12 | Queue | Villager (Male) |
| 25:13 | Build | Farm |
| 25:14 | Build | Farm |
| 25:39 | Queue | Villager (Male) |
| 26:12 | Queue | Villager (Male) |
Build order — nW | Sgt.Pepper
First 150 of 219 actions detected
| 0:01 | Queue | Villager (Male) |
| 0:02 | Build | House |
| 0:02 | Build | House |
| 0:09 | Queue | Villager (Male) |
| 0:10 | Queue | Villager (Male) |
| 0:15 | Queue | Villager (Male) |
| 0:40 | Build | Mill |
| 1:38 | Queue | Villager (Male) |
| 1:53 | Queue | Villager (Male) |
| 2:18 | Queue | Villager (Male) |
| 2:25 | Queue | Villager (Male) |
| 2:25 | Queue | Villager (Male) |
| 2:45 | Queue | Villager (Male) |
| 2:57 | Queue | Villager (Male) |
| 3:17 | Queue | Villager (Male) |
| 3:18 | Queue | Villager (Male) |
| 3:49 | Build | House |
| 3:54 | Queue | Villager (Male) |
| 4:44 | Build | Lumber Camp |
| 4:52 | Queue | Villager (Male) |
| 5:19 | Queue | Villager (Male) |
| 5:41 | Research | Loom |
| 5:49 | Queue | Villager (Male) |
| 5:50 | Research | Loom |
| 6:32 | Research | Feudal Age |
| 6:48 | Build | Barracks |
| 7:19 | Build | House |
| 7:39 | Queue | Villager (Male) |
| 8:12 | Build | House |
| 8:51 | Age | Feudal Age |
| 8:53 | Build | Stable |
| 9:05 | Research | Double-Bit Axe |
| 9:09 | Queue | Villager (Male) |
| 9:23 | Build | Farm |
| 9:26 | Queue | Villager (Male) |
| 9:29 | Queue | Villager (Male) |
| 9:35 | Build | House |
| 9:37 | Build | Palisade Wall |
| 9:40 | Queue | Scout Cavalry |
| 9:41 | Queue | Scout Cavalry |
| 9:53 | Queue | Villager (Male) |
| 10:16 | Build | Mining Camp |
| 10:28 | Queue | Scout Cavalry |
| 10:29 | Queue | Villager (Male) |
| 10:32 | Build | Farm |
| 10:42 | Queue | Scout Cavalry |
| 10:52 | Build | Palisade Wall |
| 10:52 | Build | Palisade Wall |
| 10:53 | Build | Palisade Wall |
| 10:58 | Queue | Villager (Male) |
| 11:21 | Queue | Villager (Male) |
| 11:21 | Queue | Villager (Male) |
| 11:33 | Queue | Villager (Male) |
| 11:39 | Build | Watch Tower |
| 11:45 | Queue | Villager (Male) |
| 11:47 | Build | Farm |
| 11:50 | Research | Horse Collar |
| 12:14 | Queue | Villager (Male) |
| 12:16 | Build | Farm |
| 12:30 | Queue | Villager (Male) |
| 12:32 | Build | Palisade Wall |
| 12:33 | Build | Palisade Wall |
| 12:34 | Build | Palisade Wall |
| 12:35 | Build | Palisade Wall |
| 12:35 | Build | Palisade Wall |
| 12:39 | Queue | Villager (Male) |
| 12:43 | Build | House |
| 12:44 | Build | House |
| 13:04 | Build | Barracks |
| 13:06 | Queue | Spearman |
| 13:21 | Queue | Villager (Male) |
| 13:30 | Queue | Spearman |
| 13:42 | Build | Watch Tower |
| 13:52 | Queue | Villager (Male) |
| 13:54 | Build | House |
| 14:01 | Queue | Spearman |
| 14:01 | Queue | Spearman |
| 14:03 | Queue | Villager (Male) |
| 14:11 | Queue | Villager (Male) |
| 14:16 | Queue | Spearman |
| 14:21 | Build | Stone Wall |
| 14:24 | Build | Stone Wall |
| 14:25 | Build | Stone Wall |
| 14:26 | Build | Stone Wall |
| 14:27 | Build | Stone Wall |
| 14:33 | Queue | Spearman |
| 14:35 | Queue | Spearman |
| 14:35 | Queue | Spearman |
| 14:38 | Build | Farm |
| 14:42 | Queue | Villager (Male) |
| 14:55 | Queue | Villager (Male) |
| 15:02 | Build | Farm |
| 15:03 | Build | Farm |
| 15:04 | Build | Farm |
| 15:28 | Queue | Villager (Male) |
| 15:38 | Queue | Villager (Male) |
| 15:40 | Build | Farm |
| 15:42 | Build | Farm |
| 15:42 | Build | Farm |
| 15:50 | Queue | Spearman |
| 16:11 | Queue | Villager (Male) |
| 16:11 | Queue | Villager (Male) |
| 16:25 | Queue | Villager (Male) |
| 16:30 | Build | Farm |
| 16:30 | Build | Farm |
| 16:31 | Build | Farm |
| 16:43 | Build | House |
| 16:49 | Queue | Spearman |
| 16:50 | Queue | Spearman |
| 16:50 | Queue | Spearman |
| 17:04 | Queue | Villager (Male) |
| 17:14 | Queue | Spearman |
| 17:20 | Queue | Spearman |
| 17:28 | Build | Blacksmith |
| 17:31 | Build | House |
| 17:33 | Queue | Spearman |
| 17:33 | Queue | Spearman |
| 17:50 | Queue | Spearman |
| 17:59 | Queue | Spearman |
| 17:59 | Queue | Spearman |
| 18:04 | Queue | Villager (Male) |
| 18:04 | Queue | Villager (Male) |
| 18:18 | Queue | Villager (Male) |
| 18:25 | Build | Watch Tower |
| 18:27 | Queue | Spearman |
| 18:30 | Build | House |
| 18:35 | Build | Mining Camp |
| 18:38 | Queue | Spearman |
| 18:38 | Queue | Spearman |
| 18:45 | Build | Market |
| 18:56 | Queue | Villager (Male) |
| 18:59 | Queue | Spearman |
| 19:00 | Queue | Spearman |
| 19:12 | Queue | Spearman |
| 19:19 | Build | House |
| 19:24 | Queue | Villager (Male) |
| 19:37 | Queue | Spearman |
| 19:38 | Queue | Villager (Male) |
| 19:40 | Build | House |
| 19:42 | Build | House |
| 19:43 | Build | House |
| 19:52 | Queue | Spearman |
| 19:55 | Build | Farm |
| 19:56 | Build | Farm |
| 19:57 | Build | Farm |
| 20:02 | Queue | Spearman |
| 20:04 | Queue | Villager (Male) |
| 20:06 | Build | House |
| 20:18 | Build | Watch Tower |
| 20:19 | Queue | Villager (Male) |
Match timeline
| 6:48 | nW | Sgt.Pepper · first_building Barracks |
| 8:51 | nW | Sgt.Pepper · age_up feudal |
| 8:53 | nW | Sgt.Pepper · first_building Stable |
| 9:04 | eduv · wall_segment Palisade Wall x1 |
| 9:37 | nW | Sgt.Pepper · wall_segment Palisade Wall x5 |
| 9:58 | eduv · wall_segment Palisade Wall x1 |
| 10:12 | eduv · wall_segment Palisade Wall x1 |
| 10:14 | eduv · wall_segment Palisade Wall x1 |
| 10:30 | eduv · wall_segment Palisade Wall x1 |
| 10:41 | eduv · wall_segment Palisade Wall x1 |
| 10:52 | nW | Sgt.Pepper · wall_segment Palisade Wall x1 |
| 10:52 | nW | Sgt.Pepper · wall_segment Palisade Wall x1 |
| 10:53 | nW | Sgt.Pepper · wall_segment Palisade Wall x1 |
| 10:57 | eduv · age_up feudal |
| 12:32 | nW | Sgt.Pepper · wall_segment Palisade Wall x3 |
| 12:33 | nW | Sgt.Pepper · wall_segment Palisade Wall x3 |
| 12:34 | nW | Sgt.Pepper · wall_segment Palisade Wall x2 |
| 12:35 | nW | Sgt.Pepper · wall_segment Palisade Wall x3 |
| 12:35 | nW | Sgt.Pepper · wall_segment Palisade Wall x2 |
| 12:39 | eduv · first_building Stable |
| 14:02 | eduv · age_up castle |
| 14:21 | nW | Sgt.Pepper · wall_segment Stone Wall x1 |
| 14:24 | nW | Sgt.Pepper · wall_segment Stone Wall x1 |
| 14:25 | nW | Sgt.Pepper · wall_segment Stone Wall x1 |
| 14:26 | nW | Sgt.Pepper · wall_segment Stone Wall x1 |
| 14:27 | nW | Sgt.Pepper · wall_segment Stone Wall x1 |
| 19:51 | eduv · first_market_sell 100 stone |
| 20:09 | eduv · first_building Monastery |
| 20:21 | nW | Sgt.Pepper · wall_segment Stone Wall x1 |
| 20:26 | nW | Sgt.Pepper · wall_segment Stone Wall x1 |
| 20:26 | nW | Sgt.Pepper · wall_segment Stone Wall x1 |
| 20:40 | nW | Sgt.Pepper · wall_segment Palisade Wall x1 |
| 21:50 | nW | Sgt.Pepper · wall_segment Palisade Wall x3 |
| 21:51 | nW | Sgt.Pepper · wall_segment Stone Wall x1 |
| 23:32 | nW | Sgt.Pepper · first_market_buy 500 food |
| 24:10 | nW | Sgt.Pepper · first_market_sell 100 wood |
| 24:33 | nW | Sgt.Pepper · wall_segment Stone Wall x1 |
| 24:35 | nW | Sgt.Pepper · wall_segment Stone Wall x1 |
| 24:37 | nW | Sgt.Pepper · wall_segment Stone Wall x1 |
| 24:40 | nW | Sgt.Pepper · wall_segment Stone Wall x1 |
| 24:43 | nW | Sgt.Pepper · wall_segment Stone Wall x1 |
| 24:45 | nW | Sgt.Pepper · wall_segment Stone Wall x1 |
| 26:43 | eduv · resign |
[ AI ANALYSIS · 1 CREDIT ]
What really happened in this match?
Wolo.gg analyzes every decision: build order, eco, micro, common mistakes by bracket. Personalized analysis on WhatsApp or Discord in 30 seconds.
Civ guide
Khmer
Perfil
Jugador #631884